Map: Dusk Towers

Players

TakeDown - Winner!

  • Race: Terran Terran
  • League: Master

VOD

Have the link to the VOD?

Description

Time

  • Played on: March 7, 2016, 5:44 p.m.
  • Length: 10:34
Show
View Real Time Build Order
Export as new Build Order

TakeDown Terran - Winner!

Build Orders: Reaper Expand, Hellion Banshee, MMM Bio 

Get SALT Encoding   

  12  0:02  SCV  
  12  0:14  SCV  
  12  0:18  Supply Depot  
  12  0:26  SCV  
  12  0:40  SCV  
  12  0:42  Barracks  
  12  0:48  Refinery  
  12  0:52  SCV  
  12  1:04  SCV  
  12  1:18  SCV  
  12  1:30  Orbital Command  
  12  1:32  Reaper  
  12  1:42  Command Center  
  12  1:54  Supply Depot  
  12  1:55  SCV  
  12  2:03  Marine  
  12  2:07  SCV  
  12  2:15  Refinery  
  12  2:16  Factory  
  12  2:20  SCV  
  12  2:25  Barracks Reactor  
  12  2:33  SCV  
  12  2:45  SCV  
  12  2:54  Orbital Command  
  12  2:57  SCV  
  12  3:01  Starport  
  12  3:09  SCV  
  12  3:11  Barracks Tech Lab  
  12  3:13  Hellion x2  
  12  3:20  SCV  
  12  3:21  SCV  
  12  3:25  Supply Depot  
  12  3:32  SCV  
  12  3:33  SCV  
  12  3:34  Hellion x2  
  12  3:44  SCV  
  12  3:45  SCV, Cloaking Field, Banshee  
  12  3:46  Barracks Tech Lab  
  12  3:56  SCV  
  12  3:57  SCV  
  12  3:58  Supply Depot  
  12  4:00  Hellion x2  
  12  4:05  Marine  
  12  4:08  SCV, Stimpack  
  12  4:09  SCV  
  12  4:20  SCV  
  12  4:21  SCV  
  12  4:28  Banshee  
  12  4:32  Barracks  
  12  4:35  Marine, Barracks  
  12  4:36  SCV  
  12  4:37  SCV, Factory Reactor  
  12  4:43  Supply Depot x2  
  12  4:48  Supply Depot  
  12  5:04  Marine, SCV x2, Command Center  
  12  5:12  Refinery x2  
  12  5:13  Engineering Bay  
  12  5:14  Engineering Bay  
  12  5:20  Starport Reactor  
  12  5:22  Marine  
  12  5:23  Marine  
  12  5:25  Marine x2, Siege Tank  
  12  5:26  Marine  
  12  5:29  SCV  
  12  5:35  SCV  
  12  5:40  Terran Infantry Weapons Level 1  
  12  5:41  SCV, Terran Infantry Armor Level 1  
  12  5:45  Marine x2, Supply Depot  
  12  5:46  Marine  
  12  5:47  Marine  
  12  5:49  Marine  
  12  5:55  Supply Depot  
  12  5:57  Medivac  
  12  5:58  Medivac  
  12  6:06  SCV  
  12  6:07  SCV, Siege Tank  
  12  6:12  Marine x4  
  12  6:16  Orbital Command  
  12  6:17  Marine  
  12  6:21  SCV x2  
  12  6:23  Combat Shields  
  12  6:28  Medivac  
  12  6:36  Marine x3  
  12  6:41  Orbital Command  
  12  6:42  Barracks  
  12  6:45  SCV x2, Armory, Barracks  
  12  6:48  Marine x2  
  12  6:53  Siege Tank  
  12  6:54  Marine x2  
  12  6:57  SCV  
  12  7:02  Supply Depot x2  
  12  7:06  SCV x2  
  12  7:08  Medivac  
  12  7:15  SCV, Supply Depot  
  12  7:23  Marine x5, SCV x2  
  12  7:27  SCV  
  12  7:28  Refinery  
  12  7:29  Refinery  
  12  7:31  Barracks Tech Lab  
  12  7:32  Barracks Reactor  
  12  7:35  SCV x2  
  12  7:40  SCV, Siege Tank  
  12  7:41  Marine  
  12  7:49  Terran Infantry Weapons Level 2, Terran Infantry Armor Level 2  
  12  7:51  SCV x2  
  12  7:57  Supply Depot x2  
  12  7:59  Supply Depot  
  12  8:00  Supply Depot  
  12  8:01  Liberator x2  
  12  8:02  Marine x4  
  12  8:07  Marauder  
  12  8:15  Terran Vehicle Weapons Level 1, Supply Depot  
  12  8:17  Supply Depot  
  12  8:19  Marine, Marauder  
  12  8:22  Marine x3  
  12  8:23  Marine  
  12  8:24  Siege Tank  
  12  8:29  Supply Depot  
  12  8:30  Marine, Marauder, Supply Depot  
  12  8:41  SCV x3  
  12  8:44  Marine  
  12  8:45  Marine x2, Marauder  
  12  8:46  Marine x2  
  12  8:52  Marauder  
  12  8:53  Command Center  
  12  9:10  Marine x5, Marauder  
  12  9:11  Marine  
  12  9:12  Medivac x2  
  12  9:13  Marauder  
  12  9:28  Marine x2  
  12  9:32  Marine x4, Marauder  
  12  9:35  Marauder  
  12  9:42  Barracks x3  
  12  9:46  Marine x2, Factory  
  12  9:49  Medivac, Siege Tank  
  12  10:25  Refinery  
  12  10:27  Refinery  
  12  10:30  Factory Tech Lab  
  12  10:31  Barracks Tech Lab  
  12  10:32  Barracks Reactor x2  
Tags
 
Add a new tag
Caveats
  • Supply blocks, unpowered buildings, or Contaminate may cause inaccurate times.
  • Supply counts are checked every 10 seconds.